 Dungeon Crawl Stone Soup version 0.29-a0-370-gb5314be063 (webtiles) character file.

Game seed: 12798541352395435207

23 Artihs the Shield-Bearer (level 3, 0/29 HPs)
             Began as a Human Fighter on May 1, 2022.
             Slain by Sigmund
             ... wielding a +0 scythe
              (7 damage)
             ... on level 2 of the Dungeon.
             The game lasted 00:05:12 (790 turns).

Artihs the Shield-Bearer (Human Fighter)             Turns: 790, Time: 00:05:12

Health: 0/29       AC:  6    Str: 24    XL:     3   Next: 10%
Magic:  3/3        EV:  9    Int:  8    God:
Gold:   14         SH:  4    Dex: 12    Spells: 2/2 levels left

rFire   . . .      SeeInvis .   a - +0 flail
rCold   . . .      Faith    .   c - +0 buckler
rNeg    . . .      Spirit   .   b - +0 scale mail
rPois   .          Reflect  .   (no helmet)
rElec   .          Harm     .   (no cloak)
rCorr   .          Rampage  .   (no gloves)
Will    .....                   (no boots)
Stlth   ..........              (no amulet)
HPRegen 0.09/turn               f - +6 ring of strength
MPRegen 0.08/turn               (no ring)

@: no status effects
A: no striking features
a: no special abilities


You were on level 2 of the Dungeon.
You visited 1 branch of the dungeon, and saw 2 of its levels.

You collected 14 gold pieces.

Inventory:

Hand Weapons
 a - a +0 flail (weapon)
Missiles
 i - a poisoned dart (quivered)
Armour
 b - a +0 scale mail (worn)
 c - a +0 buckler (worn)
Jewellery
 f - a +6 ring of strength (left hand)
Scrolls
 g - 3 scrolls of magic mapping {unknown}
 h - a scroll of vulnerability {unknown}
 j - a scroll of identify {unknown}
 k - a scroll of noise {unknown}
 l - a scroll of summoning {unknown}
Potions
 d - 2 potions of might


   Skills:
 + Level 3.2 Fighting
 + Level 2.3 Maces & Flails
 + Level 0.1 Throwing
 + Level 3.2 Armour
 + Level 0.2 Dodging
 + Level 3.3 Shields


You had 2 spell levels left.
You didn't know any spells.
Your spell library was empty.

Dungeon Overview and Level Annotations

Branches:
Dungeon (2/15)

Altars:

Annotations:
D:2 Sigmund


Message History

You sock the hobgoblin!
You kill the hobgoblin!
i - a poisoned dart
Found a robe.
Found a stone staircase leading down.
i - 2 poisoned darts (gained 1) Sigmund the Dreaded comes into view.
He is wielding a +0 scythe.
Sigmund shouts!
Sigmund points at you and mumbles some strange words.
You are confused.
You bump into the rock wall.
Non-targeted confused throw: 2 darts (poison)
Press: ? - help, Q - select action Dir - look around, f - activate Look: Sigmund, wielding a +0 scythe and wearing a +0 robe You throw a poisoned dart.
Non-targeted confused throw: dart (poison)
Press: ? - help, Q - select action Dir - look around, f - activate
Okay, then.
You bump into the rock wall.
You are too confused!
Sigmund hits you from afar with a +0 scythe.
You feel less confused.
Sigmund points at you and mumbles some strange words.
The magic dart hits you.
Sigmund casts a spell.
Sigmund flickers and vanishes!
Deactivating autopickup; reactivate with Ctrl-A.
Something hits you.
You closely miss something.
You hear some strange, mumbled words.
Something tries to affect you, but you resist.
You closely miss something. Something hits you.
You sock something! Something hits you.
You closely miss something. Something hits you.
You barely miss something. Something hits you!
* * * LOW HITPOINT WARNING * * *
It was a potion of curing.
You feel better.
You barely miss something. Something hits you.
* * * LOW HITPOINT WARNING * * *
You closely miss something. Something hits you!
You die...

## ###.. #.
.....### ..
#.....<# ..
#.##.#.# .# #.#.###
.# #.....### .#
###.....######{#
#.####.....#....@.#
#.[>......)#.######
######.....#.#
#.......# #########


There were no monsters in sight!

Vanquished Creatures
  4 bats (D:1)
  An endoplasm (D:1)
  2 giant cockroaches (D:1)
  4 goblins (D:1)
  3 hobgoblins
  A kobold (D:1)
  A ball python (D:1)
  2 frilled lizards (D:1)
  4 rats (D:1)
22 creatures vanquished.

Notes
Turn   | Place    | Note
-------+----------+-------------------------------------------
     0 | D:1      | Artihs the Human Fighter began the quest for the Orb.
     0 | D:1      | Reached XP level 1. HP: 18/18 MP: 1/1
    75 | D:1      | Reached XP level 2. HP: 18/24 MP: 2/2
   680 | D:1      | Reached XP level 3. HP: 27/29 MP: 3/3
   773 | D:2      | Noticed Sigmund
   790 | D:2      | Slain by Sigmund

Illustrated notes

Levels and vault maps discovered:
D:1:      nicolae_arrival_memento_mori, layout_basic, corner_web_ring
D:2:      layout_loops_cross, minmay_tromino_v7, uniq_sigmund, uniq_terence,
          uniq_jessica

Action                   || total
-------------------------++-------
Melee: Flail             ||    59
Throw: Dart              ||    20
  Use: Potion            ||     1
Armor: Scale mail        ||    30
Dodge: Dodged            ||    26
Block: Buckler           ||    12

Table legend: (Time is in decaauts)
 A = Elapsed time spent in this place.
 B = Non-inter-level travel time spent in this place.
 C = Inter-level travel time spent in this place.
 D = Time resting spent in this place.
 E = Time spent auto-exploring this place.
 F = Levels seen in this place.
 G = Mean time per level.
                   A        B        C        D        E       F      G
               +--------+--------+--------+--------+--------+-----+--------+
         Total |    808 |    738 |     70 |     75 |    466 |   2 |  404.0 |
       Dungeon |    808 |    738 |     70 |     75 |    466 |   2 |  404.0 |
               +--------+--------+--------+--------+--------+-----+--------+

Top non-repeatable levels by time:
     D:1: 764 daAuts
     D:2: 44 daAuts
